 Dungeon Crawl Stone Soup version 0.32-a0-128-g77eb882913 (webtiles) character file.

Game seed: 4327642983540696717

660 Esekla the Covert (level 7, -10/72 HPs)
             Began as an Octopode Delver on Feb 7, 2024.
             Was an Initiate of Gozag.
             Mangled by an ogre
             ... wielding a +0 giant club
              (20 damage)
             ... on level 5 of the Dungeon.
             The game lasted 00:25:20 (4394 turns).

Esekla the Covert (Octopode Delver)                 Turns: 4394, Time: 00:25:20

Health: -10/72     AC: 23    Str: 12    XL:     7   Next: 56%
Magic:  10/10      EV:  2    Int: 14    God:    Gozag
Gold:   845        SH:  0    Dex: 13    Spells: 9/11 levels left

rFire   . . .        s - +1 dagger (elec)
rCold   . . .        (no shield)
rNeg    . . .        (helmet currently unavailable)
rPois   +            c - amulet of magic regeneration
rElec   .            (no ring)
rCorr   .            (no ring)
SInv    .            (no ring)
Will    .....        (no ring)
Stlth   ++++         (no ring)
HPRegen 0.32/turn    (no ring)
MPRegen 0.52/turn    (no ring)
                     (no ring)

%: no passive effects
@: tree-form
A: stationary, stasis, torment immunity, boosted hp, almost no armour,
(amphibious), 8 rings, (camouflage 1), (gelatinous body 1), (nimble swimmer 1),
(tentacles), (tentacle spike 2), inability to read after injury 1
a: Renounce Religion, Potion Petition, Call Merchant, Bribe Branch


You were on level 5 of the Dungeon.
You worshipped Gozag.
Gozag was pleased with you.
You were a tree.
You visited 2 branches of the dungeon, and saw 6 of its levels.

You collected 861 gold pieces.
You paid 16 gold pieces to Gozag.

Inventory:

Hand Weapons
 a - a +0 falchion
 r - a +0 spear
 s - a +1 dagger of electrocution (weapon)
Armour
 v - a +0 buckler
Jewellery
 c - an amulet of magic regeneration (around neck)
Wands
 f - a wand of digging (3)
 w - a wand of flame (30)
Scrolls
 b - 4 scrolls of fog
 g - 3 scrolls of amnesia
 i - 2 scrolls of poison {unknown}
 k - a scroll of identify
 l - a scroll of teleportation {unknown}
 n - 2 scrolls of vulnerability {unknown}
 o - a scroll of enchant armour {unknown}
 p - 2 scrolls of noise {unknown}
 q - 2 scrolls of blinking {unknown}
 t - a scroll of butterflies {unknown}
Potions
 e - a potion of invisibility
 h - a potion of curing
 j - a potion of cancellation
 m - a potion of brilliance
 u - a potion of mutation
 x - a potion of ambrosia {unknown}


   Skills:
 * Level 4.2 Fighting
 + Level 1.0(2.4) Short Blades
 + Level 3.4(3.5) Long Blades
 * Level 3.7 Dodging
 + Level 9.2 Stealth
 * Level 0.2 Shields
 * Level 2.5 Spellcasting
 * Level 1.0 Air Magic
 * Level 0.4 Alchemy


You had 9 spell levels left.
You knew the following spells:

 Your Spells              Type           Power      Damage    Failure   Level
v - Mercury Vapours       Alch/Air       6%         N/A       26%         2

Your spell library contained the following spells:

 Spells                   Type           Power      Damage    Failure   Level
 Sting                    Conj/Alch      8%         1d3       21%         1
 Olgreb's Toxic Radiance  Alch           3%         N/A       88%         4


Dungeon Overview and Level Annotations

Branches:
Dungeon (5/15)             Temple (1/1) D:5

Altars:
Ashenzari
Cheibriados
Dithmenos
Elyvilon
Gozag
Hepliaklqana
Kikubaaqudgha
Nemelex Xobeh
Okawaru
Qazlal
Ru
Sif Muna
Trog
Vehumet
Wu Jian
Xom
Yredelemnul
Zin
The Shining One

Annotations:
D:3 black bear
D:4 Dowan, Duvessa


Innate Abilities, Weirdness & Mutations

You are a tree.
Your roots penetrate the ground, keeping you stationary.
You cannot be teleported.
You are immune to unholy pain and torment.
Your maximum health is greatly increased.
You cannot wear most types of armour.
((You are amphibious.))
You can wear up to eight rings at the same time.
((Your skin changes colour to match your surroundings (Stealth+).))
((Your rubbery body absorbs attacks. (AC +1, EV +1)))
((You are camouflaged when in or above water. (Stealth+)))
((You have tentacles for arms and can constrict up to eight enemies at once.))
((One of your tentacles bears a nasty spike.))
You occasionally lose the ability to read scrolls when taking damage.


Message History

Press: ? - help, Dir - move target, f/p - gnoll
Aim: a gnoll, wielding a +0 spear (severely wounded, about 35% to evade your +0 spear)
You reach to attack!
You barely miss the gnoll.
The gnoll is severely wounded.
The gnoll hits you but does no damage.
Reach: r) +0 spear
Press: ? - help, Dir - move target, f/p - gnoll
Aim: a gnoll, wielding a +0 spear (severely wounded, about 35% to evade your +0 spear)
You reach to attack!
You completely miss the gnoll.
The gnoll is severely wounded.
The gnoll hits you but does no damage.
Reach: r) +0 spear
Press: ? - help, Dir - move target, f/p - gnoll
Aim: a gnoll, wielding a +0 spear (severely wounded, about 35% to evade your +0 spear)
You reach to attack!
The ogre shouts!
You hit the gnoll.
The gnoll is almost dead.
You hear a bark!
The gnoll hits you from afar with a +0 spear.
* * * LOW HITPOINT WARNING * * *
A hound comes into view.
Reach: r) +0 spear
Press: ? - help, Dir - move target, f/p - gnoll
Aim: a gnoll, wielding a +0 spear (almost dead, about 35% to evade your +0 spear)
You reach to attack!
You hit the gnoll but do no damage.
The gnoll is almost dead.
The gnoll hits you but does no damage.
You hear the crackle of electricity.
s - a +1 dagger of electrocution (weapon)
The gnoll hits you but does no damage. The ogre hits you with a +0 giant club!
* * * LOW HITPOINT WARNING * * *
You hit the ogre.
The ogre is lightly wounded.
The gnoll hits you but does no damage.
You hit the ogre.
The ogre is lightly wounded.
The ogre hits you with a +0 giant club!!
You die...
Your body crumbles into a pile of gold.

*** #.....#...#...#####.#.#
,,******#####.#'#...#'### #.#.#
*,,,,,,,+...'.#.......#** #.#.#
**,*#####...#####...###,** #.#.#
....+.#.......#.'...+,#,,** #.#.#
#.###.#'#...#+#.#####.#'*,**#.#.#
#.#.....#...#.....#.....*,,*#.#.#
#.+.....##+##.....'h....##+##.#.#
#.#.....#...#...♣O#,,,..#...#...#
#####.#+#...#'#$#####.#+#...#'#.#
'...'.#.......#g'...'.#.......#..
#...#####...#####gg.#####...####.
......#.+...'.#..g....#,+...'.##.
#...#+#.#####.#+#...#+#,#####.##.
#...#.....#.....#...#,,,,,##..#..
##+##.....'.....##'##,,,,,+).#..#
....#.....#.....#,..*,,,,,#.##.##


You could see an ogre, a hound and a gnoll.

Vanquished Creatures
  An ogre (D:4)
  A scorpion (D:5)
  A howler monkey (D:4)
  2 hounds
  A bombardier beetle (D:4)
  5 orc priests
  2 orc wizards (D:4)
  3 gnolls (D:5)
  5 adders
  3 ufetubi
  6 dart slugs
  3 ribbon worms
  16 orcs
  5 ball pythons
  3 bats
  An endoplasm (D:1)
  3 giant cockroaches
  4 goblins
  5 hobgoblins
  4 jackals (D:4)
  9 kobolds
  A quokka (D:2)
  6 frilled lizards
  6 rats
96 creatures vanquished.

Notes
Turn   | Place    | Note
-------+----------+-------------------------------------------
     0 | D:5      | Esekla the Octopode Delver began the quest for the Orb.
     0 | D:5      | Reached XP level 1. HP: 16/16 MP: 1/1
     8 | D:5      | Noticed a sleepcap
    34 | D:5      | Noticed an ogre
    58 | D:5      | Found a staircase to the Ecumenical Temple.
    58 | D:5      | Noticed an orc priest
    65 | D:5      | Killed an orc priest
    66 | D:5      | Reached skill level 7 in Stealth
    66 | D:5      | Reached XP level 2. HP: 3/21 MP: 1/3
    66 | D:5      | Reached XP level 3. HP: 4/26 MP: 1/4
    71 | Temple   | Entered the Ecumenical Temple
   170 | D:5      | Noticed a scorpion
   193 | D:5      | Reached skill level 1 in Spellcasting
   193 | D:5      | Reached XP level 4. HP: 27/31 MP: 5/5
   542 | D:5      | Noticed a phantom
   616 | Temple   | Became a worshipper of Gozag Ym Sagoz the Greedy
   647 | D:4      | Reached skill level 8 in Stealth
   647 | D:4      | Reached XP level 5. HP: 33/37 MP: 5/7
  2085 | D:3      | Found a faded altar of an unknown god.
  2100 | D:3      | Found an iron altar of Okawaru.
  2131 | D:3      | Reached XP level 6. HP: 43/43 MP: 8/8
  2479 | D:3      | Noticed a black bear
  2609 | D:4      | Gained mutation: One of your tentacles bears a spike.
                  | [potion of mutation]
  2609 | D:4      | Gained mutation: You occasionally lose the ability to read
                  | scrolls when taking damage. [potion of mutation]
  2609 | D:4      | Gained mutation: One of your tentacles bears a nasty spike.
                  | [potion of mutation]
  2893 | D:4      | Noticed Duvessa
  2893 | D:4      | Noticed Dowan
  3177 | D:3      | Learned a level 2 spell: Mercury Vapours
  3388 | D:4      | Reached skill level 9 in Stealth
  3457 | D:4      | Found the +7 Kryia's mail coat {PotionHeal*2 rC+}
  3522 | D:4      | Reached XP level 7. HP: 44/48 MP: 10/10
  4191 | D:5      | Reached skill level 1 in Air Magic
  4372 | D:5      | Reached skill level 1 in Short Blades
  4394 | D:5      | Mangled by an ogre

Illustrated notes

Levels and vault maps discovered:
D:1:      dpeg_arrival_stonehenge_8_columns, layout_basic,
          minmay_splitting_lines
D:2:      layout_loops_ring
D:3:      layout_basic, okawaru_metal_pillars_1_2, basic_ecumenical_altar
D:4:      layout_basic, minmay_quadrilaterals, uniq_duvessa
D:5:      nicolae_cairo_tiling_large, layout_loops_ring,
          minmay_temple_entry_proselytizer
Temple:   eino_narrow_crystal_temple

Skill      XL: |  1  2  3  4  5  6  7 |
---------------+----------------------+-----
Stealth        | 7 8 9 |  9.2
Spellcasting   | 1 2 |  2.5
Fighting       | 4 |  4.2
Dodging        | 3 |  3.7
Long Blades    | 3 |  3.4
Air Magic      | 1 |  1.0
Short Blades   | 1 |  1.0
Shields        | |  0.2
Alchemy        | |  0.4

Action                     |  1- 3 |  4- 6 |  7- 9 || total
---------------------------+-------+-------+-------++-------
  Melee: Falchion          |     8 |    83 |    41 ||   132
         Constrict         |     2 |    40 |     8 ||    50
         Tentacles         |     1 |    23 |     6 ||    30
         Punch             |     1 |     4 |     3 ||     8
         Dagger            |       |    49 |     4 ||    53
         Kick              |       |    17 |    20 ||    37
         Spear             |       |       |    14 ||    14
   Cast: Mercury Vapours   |       |       |     1 ||     1
    Use: Scroll            |     1 |     5 |       ||     6
         Potion            |       |     6 |     1 ||     7
   Stab: Sleeping          |       |    23 |     2 ||    25
         Distracted        |       |     1 |       ||     1
 Armour: Skin              |     3 |    65 |    51 ||   119
  Dodge: Dodged            |     4 |    66 |    24 ||    94

Table legend: (Time is in decaauts)
 A = Elapsed time spent in this place.
 B = Non-inter-level travel time spent in this place.
 C = Inter-level travel time spent in this place.
 D = Time resting spent in this place.
 E = Time spent auto-exploring this place.
 F = Levels seen in this place.
 G = Mean time per level.
                   A        B        C        D        E       F      G
               +--------+--------+--------+--------+--------+-----+--------+
         Total |   4383 |   4239 |    144 |    745 |   1136 |   6 |  730.5 |
       Dungeon |   4187 |   4072 |    115 |    585 |   1136 |   5 |  837.4 |
        Temple |    195 |    166 |     29 |    160 |      0 |   1 |  195.0 |
               +--------+--------+--------+--------+--------+-----+--------+

Top non-repeatable levels by time:
     D:4: 1520 daAuts
     D:5: 702 daAuts
     D:2: 676 daAuts
     D:3: 650 daAuts
     D:1: 638 daAuts
  Temple: 195 daAuts
